 Dungeon Crawl Stone Soup version 0.31-a0-121-g1e386dd289 (webtiles) character file.

Game seed: 10099801496013597102

40 Essalna the Conjurer (level 3, 0/21 HPs)
             Began as a Tengu Conjurer on June 1, 2023.
             Slain by a gnoll
             ... wielding a +0 club
              (4 damage)
             ... on level 1 of the Dungeon.
             The game lasted 00:02:07 (1191 turns).

Essalna the Conjurer (Tengu Conjurer)               Turns: 1191, Time: 00:02:07

Health: 0/21       AC:  2    Str:  7    XL:     3   Next: 50%
Magic:  3/7        EV: 12    Int: 20    God:
Gold:   32         SH:  0    Dex: 12    Spells: 3/6 levels left

rFire   . . .        g - +2 dagger (protect)
rCold   . . .        (no shield)
rNeg    . . .        a - +0 robe
rPois   .            (helmet restricted)
rElec   .            (no cloak)
rCorr   .            (no gloves)
SInv    +            (boots unavailable)
Will    .....        (no amulet)
Stlth   ++           i - ring of see invisible
HPRegen 0.23/turn    (no ring)
MPRegen 0.10/turn

%: no passive effects
@: no status effects
A: beak, talons 3
a: no special abilities


You were on level 1 of the Dungeon.
You visited 1 branch of the dungeon, and saw 2 of its levels.

You collected 32 gold pieces.

Inventory:

Hand Weapons
 g - a +2 dagger of protection (weapon)
 j - a +2 dagger of holy wrath
Armour
 a - a +0 robe (worn)
Jewellery
 i - a ring of see invisible (left hand)
Scrolls
 c - a scroll of blinking {unknown}
 d - a scroll of fog {unknown}
 e - a scroll of enchant armour {unknown}
 h - a scroll of noise {unknown}
 k - a scroll of teleportation {unknown}
Potions
 b - a potion of magic
 f - a potion of mutation {unknown}


   Skills:
 + Level 2.0 Fighting
 - Level 2.1 Dodging
 - Level 2.0 Stealth
 - Level 2.0 Spellcasting
 + Level 6.1 Conjurations


You had 3 spell levels left.
You knew the following spells:

 Your Spells              Type           Power      Damage    Failure   Level
a - Magic Dart            Conj           100%       1d8       1%          1
b - Searing Ray           Conj           52%        2d6       1%          2

Your spell library contained the following spells:

 Spells                   Type           Power      Damage    Failure   Level
 Shock                    Conj/Air       56%        1d6       4%          1
 Dazzling Flash           Conj/Hex       28%        N/A       14%         3
 Swiftness                Air            2%         N/A       43%         3
 Iskenderun's Battlesphe  Conj           26%        2d8       34%         5
 Fulminant Prism          Conj/Hex       7%         3d7       41%         4
 Iskenderun's Mystic Bla  Conj/Tloc      14%        2d5       41%         4
 Airstrike                Air            1%         2d(1-17)  83%         4
 Leda's Unmaking          Conj/Erth      7%         9d2       100%        6
 Spellforged Servitor     Conj/Summ      7%         N/A       100%        7


Dungeon Overview and Level Annotations

Branches:
Dungeon (2/15)

Altars:


Innate Abilities, Weirdness & Mutations

You have a beak for a mouth.
You have claws for feet.


Message History

There is a stone staircase leading down here.
Memorise Searing Ray, consuming 2 spell levels and leaving 3?
You start memorising the spell.
You continue memorising. x2
You finish memorising.
Spell assigned to 'b'.
You climb downwards.
The gnoll hits you with a +0 club! The gnoll barely misses you.
There is a stone staircase leading up here.
The gnoll hits you with a +0 club. The gnoll hits you with a +0 whip.
* * * LOW HITPOINT WARNING * * *
You climb upwards.
There is a stone staircase leading down here.
The gnoll attacks as you move away! The gnoll hits you with a +0 club.
* * * LOW HITPOINT WARNING * * *
The gnoll attacks as you move away! The gnoll misses you.
The gnoll attacks as you move away! The gnoll hits you with a +0 club.
* * * LOW HITPOINT WARNING * * *
You see here a +0 whip.
The gnoll attacks as you move away! The gnoll closely misses you.
Casting: Magic Dart (safe; 1% risk of failure)
Confirm with . or Enter, or press ? or * to list all spells.
Aiming: Searing Ray (safe; 1% risk of failure)
Press: ? - help, Shift-Dir - straight line, f - gnoll
Aim: a gnoll, wielding a +0 club (82% to hit)
The searing ray hits the gnoll!
The gnoll is severely wounded.
The searing ray hits the gnoll.
The gnoll is heavily wounded. (Press . to maintain the ray.)
The gnoll barely misses you.
The searing ray hits the gnoll.
The gnoll is severely wounded.
The searing ray hits the gnoll.
The gnoll is almost dead.
The gnoll completely misses you.
The searing ray hits the gnoll.
The gnoll is almost dead.
The searing ray hits the gnoll.
You kill the gnoll!
The gnoll hits you with a +0 club.
You die...

....# #.##.#.......#.>)....# #.<.
....# #.##.#............#### #...
....# #.##.#.......###..# ####
....###'##'#.......# #..#
##..........#..#.#####..#########
##..........+....................
............#.##)###......####.##
##..........#.##g# #......# #.#
##..........#.##@# #...†..# #.#
........##'#####.# #......# #.#
####[...##.# #.# #......# #.#
####....##÷# #.###......####.#
...........# #...............#
........##.# ########.########
...####.##.# #......# ##.# #.##.#
#####..######## #.# #.##.#
#..........


You could see a gnoll.

Vanquished Creatures
  3 gnolls
  2 endoplasms (D:1)
  3 giant cockroaches
  3 goblins (D:1)
  2 kobolds (D:1)
  3 ball pythons
  3 bats (D:1)
  A frilled lizard (D:1)
  A rat (D:1)
21 creatures vanquished.

Notes
Turn   | Place    | Note
-------+----------+-------------------------------------------
     0 | D:1      | Essalna the Tengu Conjurer began the quest for the Orb.
     0 | D:1      | Reached XP level 1. HP: 10/10 MP: 4/4
   322 | D:1      | Reached skill level 1 in Fighting
   322 | D:1      | Reached XP level 2. HP: 16/16 MP: 1/6
  1097 | D:2      | Reached skill level 6 in Conjurations
  1097 | D:2      | Reached XP level 3. HP: 21/21 MP: 2/7
  1172 | D:1      | Learned a level 2 spell: Searing Ray
  1191 | D:1      | Slain by a gnoll

Illustrated notes

Levels and vault maps discovered:
D:1:      dpeg_arrival_erosion, layout_basic, shapermc_ecumenical_altar_petra
D:2:      layout_rooms, corexii_shack, nicolae_the_louvre

Skill      XL: |  1  2  3 |
---------------+----------+-----
Fighting       | 1 2 |  2.0
Conjurations   | 6 |  6.1
Dodging        | |  2.1
Stealth        | |  2.0
Spellcasting   | |  2.0

Action                     || total
---------------------------++-------
  Melee: Dagger            ||     1
   Cast: Magic Dart        ||    38
         Searing Ray       ||     1
  Dodge: Dodged            ||    12

Table legend: (Time is in decaauts)
 A = Elapsed time spent in this place.
 B = Non-inter-level travel time spent in this place.
 C = Inter-level travel time spent in this place.
 D = Time resting spent in this place.
 E = Time spent auto-exploring this place.
 F = Levels seen in this place.
 G = Mean time per level.
                   A        B        C        D        E       F      G
               +--------+--------+--------+--------+--------+-----+--------+
         Total |   1191 |   1179 |     12 |     60 |   1007 |   2 |  595.5 |
       Dungeon |   1191 |   1179 |     12 |     60 |   1007 |   2 |  595.5 |
               +--------+--------+--------+--------+--------+-----+--------+

Top non-repeatable levels by time:
     D:1: 1133 daAuts
     D:2: 58 daAuts
